 Dungeon Crawl Stone Soup version 0.31-a0-222-gefeffbb62a (webtiles) character file.

Game seed: 18003216621480575197

31849 olmar the Earth Mage (level 13, -11/65 HPs)
             Began as a Deep Elf Earth Elementalist on July 5, 2023.
             Was an Initiate of Gozag.
             Mangled by a skyshark (16 damage)
             ... on level 4 of the Lair of Beasts on July 6, 2023.
             The game lasted 00:27:39 (20117 turns).

olmar the Earth Mage (Deep Elf Earth Elementalist) Turns: 20117, Time: 00:27:39

Health: -11/65     AC: 12    Str:  5    XL:     13   Next: 28%
Magic:  0/36       EV: 17    Int: 32    God:    Gozag
Gold:   3068       SH:  0    Dex: 15    Spells: 29/46 levels left

rFire   + . .        K - staff of fire
rCold   . . .        g - orb {*channel}
rNeg    + . .        r - +3 leather armour {rPois}
rPois   +            H - +0 helmet
rElec   +            E - +0 cloak "Moptaoch" {Drain rElec rN+}
rCorr   .            B - +1 pair of gloves
SInv    .            S - +0 pair of boots
Will    +....        M - amulet of guardian spirit
Stlth   ++           f - +6 ring of intelligence
HPRegen 0.30/turn    C - +5 ring of evasion
MPRegen 0.25/turn

%: guardian spirit, channel magic (20%)
@: studying Polearms
A: no striking features
a: Renounce Religion, Potion Petition, Call Merchant, Bribe Branch


You were on level 4 of the Lair of Beasts.
You worshipped Gozag.
Gozag was most pleased with you.
You visited 4 branches of the dungeon, and saw 17 of its levels.

You collected 3369 gold pieces.
You spent 252 gold pieces at shops.
You paid 49 gold pieces to Gozag.

Inventory:

Hand Weapons
 J - the +8 hand axe "Plog" {holy, Dex+3}
   (You found it on level 1 of the Lair of Beasts)

   Dex:       It affects your dexterity (+3).
Missiles
 i - 23 poisoned darts
Armour
 a - a +0 robe
 g - an orb of energy (worn)
 h - an orb of light
 r - a +3 leather armour of poison resistance (worn)
 B - a +1 pair of gloves (worn)
 E - the +0 cloak "Moptaoch" (worn) {Drain rElec rN+}
   (You found it on level 9 of the Dungeon)

   rElec:     It insulates you from electricity.
   rN:        It protects you from negative energy.
   Drain:     It drains your maximum health when unequipped.
 H - a +0 helmet (worn)
 R - the +4 cloak "Xaimiem" {*Corrode rC+ Dex+3 Stlth+}
   (You found it on level 4 of the Lair of Beasts)

   Dex:       It affects your dexterity (+3).
   rC:        It protects you from cold.
   *Corrode:  It may corrode you when you take damage.
   Stlth:     It makes you more stealthy.
 S - a +0 pair of boots (worn)
 U - a scarf of resistance
Magical Staves
 K - a staff of fire (weapon)
Jewellery
 f - a +6 ring of intelligence (left hand)
 q - a ring of flight
 C - a +5 ring of evasion (right hand)
 L - a ring of ice
 M - an amulet of guardian spirit (around neck)
 P - a +6 ring of intelligence
Wands
 m - a wand of polymorph (3)
 x - a wand of light (9)
 F - a wand of iceblast (1)
 N - a wand of paralysis (5)
 V - a wand of digging (5)
Scrolls
 c - 2 scrolls of revelation
 k - a scroll of teleportation
 l - 3 scrolls of vulnerability
 s - a scroll of enchant armour
 t - 3 scrolls of enchant weapon
 u - 2 scrolls of fog
 v - 3 scrolls of poison
 y - a scroll of torment
 D - 4 scrolls of noise
 G - 2 scrolls of amnesia
 I - a scroll of butterflies
 Q - a scroll of identify
Potions
 b - a potion of magic
 d - 7 potions of curing
 e - 4 potions of might
 j - a potion of ambrosia
 n - 3 potions of brilliance
 o - a potion of enlightenment
 p - a potion of berserk rage
 w - 3 potions of lignification
 z - 3 potions of mutation
 A - a potion of degeneration
 O - a potion of heal wounds
 T - a potion of invisibility {unknown}


   Skills:
 + Level 1.3 Fighting
 + Level 0.1 Staves
 + Level 3.2 Armour
 + Level 3.7 Dodging
 - Level 2.4 Stealth
 + Level 17.1 Spellcasting
 + Level 2.5 Conjurations
 + Level 1.0 Translocations
 + Level 1.5 Transmutations
 * Level 19.1 Earth Magic
 + Level 0.3 Evocations


You had 29 spell levels left.
You knew the following spells:

 Your Spells              Type           Power      Damage    Failure   Level
a - Sandblast             Erth           100%       2d20      1%          1
b - Passwall              Tmut/Erth      63%        N/A       1%          2
c - Stone Arrow           Conj/Erth      100%       3d13      1%          3
d - Lee's Rapid Deconstr  Erth           49%        3d23*     1%          5
e - Petrify               Tmut/Erth      76%        N/A       3%          4
f - Blink                 Tloc           68%        N/A       9%          2

Your spell library contained the following spells:

 Spells                   Type           Power      Damage    Failure   Level
 Leda's Liquefaction      Hex/Erth       36%        N/A       3%          4
 Magic Dart               Conj           100%       1d8       4%          1
 Shock                    Conj/Air       100%       1d9       6%          1
 Searing Ray              Conj           86%        2d7       6%          2
 Momentum Strike          Conj/Tloc      78%        3d10      7%          2
 Lesser Beckoning         Tloc           68%        N/A       9%          2
 Portal Projectile        Hex/Tloc       60%        N/A       17%         3
 Volatile Blastmotes      Fire/Tloc      92%        2d17      17%         3
 Call Canine Familiar     Summ           27%        N/A       19%         3
 Summon Guardian Golem    Hex/Summ       27%        N/A       19%         3
 Swiftness                Air            27%        N/A       19%         3
 Iskenderun's Mystic Bla  Conj/Tloc      39%        2d9       26%         4
 Fulminant Prism          Conj/Hex       17%        3d10      32%         4
 Airstrike                Air            13%        2d(2-18)  45%         4
 Irradiate                Conj/Tmut      20%        3d18      50%         5
 Blade Hands              Tmut           18%        N/A       56%         5
 Summon Forest            Summ/Tloc      15%        N/A       69%         5
 Summon Mana Viper        Hex/Summ       27%        N/A       75%         5
 Eringya's Noxious Bog    Tmut/Pois      16%        N/A       99%         6
 Summon Cactus Giant      Summ           13%        N/A       99%         6
 Dragon Form              Tmut           18%        N/A       100%        7
 Orb of Destruction       Conj           21%        9d8       100%        7
 Spellforged Servitor     Conj/Summ      17%        N/A       100%        7
 Summon Hydra             Summ           13%        N/A       100%        7


Dungeon Overview and Level Annotations

Branches:
Dungeon (10/15)            Temple (1/1) D:6            Lair (5/5) D:9
  Swamp (0/4) Lair:2        Snake (0/4) Lair:3        Slime (0/5) Lair:4
    Orc (1/2) D:10

Altars:
Ashenzari
Cheibriados
Dithmenos
Elyvilon
Fedhas
Gozag
Hepliaklqana
Kikubaaqudgha
Makhleb
Nemelex Xobeh
Okawaru
Qazlal
Ru
Sif Muna
Trog
Uskayaw
Vehumet
Wu Jian
Xom
Yredelemnul
Zin
The Shining One
Jiyva

Shops:
D:6 ?

Annotations:
D:3 1 runed translucent door, Crazy Yiuf


Message History

Confirm with . or Enter, or press ? or * to list all spells.
Okay, then.
Casting: Lee's Rapid Deconstruction (dangerous; 1% risk of failure)
Confirm with . or Enter, or press ? or * to list all spells.
You blink.
Unknown command.
Unknown command.
The wolf closely misses you. The wolf bites you but does no damage.
Casting: Blink (safe; 9% risk of failure)
Confirm with . or Enter, or press ? or * to list all spells.
Okay, then.
Casting: Blink (safe; 9% risk of failure)
Confirm with . or Enter, or press ? or * to list all spells.
Aiming: Passwall (safe; 1% risk of failure)
Press: ? - help, Dir - move target A rock wall.
The wolf closely misses you. x3
You begin to meditate on the wall.
You continue meditating on the rock.
You feel stable enough to blink again. The wolf bites you but does no damage.
The wolf completely misses you. x2
You continue meditating on the rock.
The wolf barely misses you. The wolf misses you. The skyshark bites you!
* * * LOW HITPOINT WARNING * * *
The skyshark tastes blood and grows stronger!
The skyshark misses you. x2; The wolf bites you.
* * * LOW HITPOINT WARNING * * *
The wolf completely misses you.
You continue meditating on the rock.
The wolf completely misses you. The wolf closely misses you.
The skyshark completely misses you.
The skyshark tail-slaps you but does no damage.
The skyshark tail-slaps you!
* * * LOW HITPOINT WARNING * * *
The wolf bites you but does no damage.
You continue meditating on the rock.
The wolf bites you.
* * * LOW HITPOINT WARNING * * *
The cane toad barely misses you. The skyshark bites you!!
You die...
Your body crumbles into a pile of gold.

..♣.♣ #..## ##.# .♣♣♣♣
##..# #..### ♣♣ #.##
##...# #..# ##>.## ##.P#
#.l## #P..# ##hS# #..P#
##h## ###.## #Fh##
#####.#.#####@#.#
###..........##l###
##..#.........#..########
..............##.#..P#..#
...#............<.......#
..#...............P.#.#.#
.####.........#..P......#
## #.....^.....P...P#..#
# #........##.#.......#


You could see a skyshark (strong), a komodo dragon, a cane toad, a water
moccasin and 3 wolves.

Vanquished Creatures
  Gastronok (D:10)
  3 hydras
  2 catoblepae
  2 bog bodies (Lair:2)
  8 elephants
  4 black mambas
  11 cane toads
  A komodo dragon (Lair:2)
  5 rime drakes
  A troll (D:9)
  A hornet (D:5)
  2 dream sheep
  8 blink frogs
  A shadow (D:10)
  54 yaks
  3 wyverns
  4 basilisks
  2 steam dragons
  3 nagas (Lair:3)
  A swamp worm (Lair:2)
  An acid dragon (D:10)
  9 water moccasins
  8 orc warriors
  An ice beast (D:6)
  2 black bears
  11 wolves
  3 centaurs
  4 phantoms (D:6)
  3 ogres
  A kobold brigand (D:9)
  2 scorpions
  6 bullfrogs
  A wyvern zombie (D:6)
  A wyvern skeleton (D:6)
  A water moccasin skeleton (D:6)
  6 electric eels
  3 howler monkeys (D:10)
  3 bullfrog zombies (D:6)
  3 bullfrog skeletons (D:6)
  3 centaur zombies (D:6)
  6 jellies
  3 centaur skeletons (D:6)
  5 hounds
  10 orc priests
  A sleepcap (D:7)
  4 iguanas
  9 orc wizards
  A howler monkey zombie (D:6)
  2 adders (D:4)
  A howler monkey skeleton (D:6)
  3 white imps
  An ufetubus (D:5)
  A worm (D:3)
  2 dart slugs
  40 orcs
  8 ball pythons
  5 endoplasms
  6 giant cockroaches
  6 goblins
  10 hobgoblins
  3 quokkas
  2 frilled lizards (D:2)
  10 kobolds
  3 rats (D:3)
331 creatures vanquished.

Notes
Turn   | Place    | Note
-------+----------+-------------------------------------------
     0 | D:1      | olmar the Deep Elf Earth Elementalist began the quest for
                  | the Orb.
     0 | D:1      | Reached XP level 1. HP: 10/10 MP: 6/6
   159 | D:1      | Reached XP level 2. HP: 15/15 MP: 6/8
   214 | D:1      | Found a faded altar of an unknown god.
   684 | D:2      | Reached skill level 4 in Earth Magic
   809 | D:2      | Learned a level 2 spell: Passwall
   873 | D:2      | Found a sacrificial altar of Ru.
  1027 | D:2      | Reached XP level 3. HP: 19/19 MP: 8/10
  1031 | D:2      | Learned a level 3 spell: Stone Arrow
  1585 | D:3      | Reached XP level 4. HP: 24/24 MP: 10/12
  1771 | D:3      | Found a runed translucent door.
  1772 | D:3      | Noticed Crazy Yiuf
  1821 | D:3      | You fall into a shaft and drop 3 floors!
  1829 | D:6      | Reached skill level 5 in Earth Magic
  2235 | D:6      | Reached XP level 5. HP: 18/28 MP: 10/14
  2285 | D:6      | Reached skill level 5 in Spellcasting
  2297 | D:6      | Reached skill level 6 in Earth Magic
  2341 | D:6      | Found a staircase to the Ecumenical Temple.
  2353 | Temple   | Entered the Ecumenical Temple
  2400 | Temple   | Became a worshipper of Gozag Ym Sagoz the Greedy
  2444 | D:6      | Noticed a phantom
  2459 | D:6      | Learned a level 5 spell: Lee's Rapid Deconstruction
  2472 | D:6      | Killed a phantom
  2473 | D:6      | Reached XP level 6. HP: 27/32 MP: 12/16
  2526 | D:6      | Found Jyejueg's Magic Scroll Emporium.
  2531 | D:6      | Noticed a hornet
  2535 | D:5      | Entered Level 5 of the Dungeon
  2602 | D:4      | Reached skill level 7 in Earth Magic
  3241 | D:4      | Reached XP level 7. HP: 36/36 MP: 16/18
  3559 | D:4      | Found an iron altar of Okawaru.
  3596 | D:4      | Found a hazy altar of Hepliaklqana.
  3669 | D:5      | Learned a level 4 spell: Petrify
  3782 | D:5      | Reached skill level 8 in Earth Magic
  4468 | D:5      | Reached XP level 8. HP: 41/41 MP: 18/21
  4471 | D:5      | Learned a level 2 spell: Blink
  4595 | D:5      | Paralysed by a hornet for 3 turns
  4605 | D:5      | Killed a hornet
  4606 | D:5      | Reached skill level 9 in Earth Magic
  4771 | D:6      | Bought a scroll of identify for 24 gold pieces
  4771 | D:6      | Bought a scroll of vulnerability for 48 gold pieces
  4771 | D:6      | Bought 2 scrolls of enchant weapon for 180 gold pieces
  5017 | D:6      | Reached skill level 1 in Fighting
  5017 | D:6      | Reached skill level 10 in Earth Magic
  5353 | D:6      | Reached XP level 9. HP: 47/47 MP: 12/24
  5521 | D:6      | Found a burning altar of Makhleb.
  5837 | D:7      | Reached skill level 11 in Earth Magic
  6161 | D:7      | Reached skill level 1 in Armour
  6539 | D:7      | Reached skill level 10 in Spellcasting
  7010 | D:8      | Reached skill level 12 in Earth Magic
  7974 | D:9      | Reached XP level 10. HP: 52/52 MP: 15/26
  8266 | D:9      | Found a shimmering altar of Xom.
  8284 | D:9      | Found a glowing golden altar of the Shining One.
  8372 | D:9      | Found a sparkling altar of Nemelex Xobeh.
  8400 | D:9      | Reached skill level 13 in Earth Magic
  8479 | D:9      | Found a staircase to the Lair.
  8695 | D:9      | Identified the +0 cloak "Moptaoch" {Drain rElec rN+}
  9093 | D:10     | Entered Level 10 of the Dungeon
  9245 | D:10     | Reached skill level 14 in Earth Magic
  9866 | D:10     | Found a staircase to the Orcish Mines.
  9978 | D:10     | Found an ornate altar of the Wu Jian Council.
  9978 | D:10     | Found a sacrificial altar of Ru.
  9984 | D:10     | Noticed Gastronok
 10000 | D:10     | Killed Gastronok
 10195 | D:10     | Reached XP level 11. HP: 56/56 MP: 25/29
 10338 | D:10     | Found a basalt altar of Yredelemnul.
 10694 | D:10     | Found a white marble altar of Elyvilon.
 10759 | D:10     | Reached skill level 15 in Earth Magic
 10950 | D:10     | Found a blossoming altar of Fedhas.
 11385 | D:10     | Found a hide-covered altar of Uskayaw.
 11573 | Lair:1   | Entered Level 1 of the Lair of Beasts
 11585 | Lair:1   | Noticed a catoblepas
 11589 | Lair:1   | Killed a catoblepas
 12137 | Lair:1   | Identified the +8 hand axe "Plog" {holy, Dex+3}
 12490 | Orc:1    | Entered Level 1 of the Orcish Mines
 12799 | Lair:1   | Reached skill level 16 in Earth Magic
 13329 | Lair:2   | Reached skill level 1 in Translocations
 13351 | Lair:1   | Reached skill level 1 in Conjurations
 13576 | Lair:2   | Noticed a bog body
 13580 | Lair:2   | Killed a bog body
 13638 | Lair:2   | Found a staircase to the Swamp.
 13638 | Lair:2   | Noticed a bog body
 13643 | Lair:2   | Killed a bog body
 13907 | Lair:2   | Noticed a six-headed hydra
 13915 | Lair:2   | Killed a six-headed hydra
 13916 | Lair:2   | Reached XP level 12. HP: 61/61 MP: 21/32
 13926 | Lair:2   | Reached skill level 15 in Spellcasting
 13936 | Lair:2   | Noticed a four-headed hydra
 14470 | Lair:2   | Identified the +3 ring mail of Feac {rElec rF- rN+}
 14571 | Lair:2   | Reached skill level 17 in Earth Magic
 14879 | Lair:2   | You fall into a shaft and drop 1 floor!
 15375 | Lair:2   | Killed a four-headed hydra
 16124 | Lair:3   | Found a staircase to the Snake Pit.
 17407 | Lair:4   | Reached skill level 18 in Earth Magic
 17649 | Lair:4   | Noticed a six-headed hydra
 17654 | Lair:4   | Killed a six-headed hydra
 17741 | Lair:4   | Identified the +4 cloak "Xaimiem" {*Corrode rC+ Dex+3
                  | Stlth+}
 17893 | Lair:4   | Noticed a catoblepas
 18155 | Lair:4   | Found a staircase to the Slime Pits.
 18155 | Lair:4   | Found a viscous altar of Jiyva.
 18296 | Lair:4   | Killed a catoblepas
 18297 | Lair:4   | Reached XP level 13. HP: 59/65 MP: 19/35
 19569 | Lair:5   | Entered Level 5 of the Lair of Beasts
 19756 | Lair:5   | Reached skill level 19 in Earth Magic
 20117 | Lair:4   | Mangled by a skyshark

Illustrated notes

Levels and vault maps discovered:
D:1:      dpeg_arrival_leaves_temple_mockup, layout_basic,
          basic_ecumenical_altar, minmay_misc_feat_tiny
D:2:      layout_basic, basic_altar
D:3:      layout_loops_ring, uniq_crazy_yiuf_cottage
D:4:      layout_basic, mainiacjoe_overflow_two_lobes
D:5:      layout_rooms, minivault_25
D:6:      layout_cave_pools, kennysheep_mini, minmay_temple_entry_glass,
          serial_undead, serial_undead_d, serial_undead_a, serial_undead_b,
          serial_undead_a, serial_undead_d, serial_undead_b, serial_undead_d,
          serial_shops, shop, corexii_hall_statues_deadend,
          kennysheep_windowed_goal
D:7:      layout_basic
D:8:      layout_loops_ring
D:9:      layout_basic, nemelex_spade_bored_becter,
          mainiacjoe_overflow_catch_the_wave, lair_entry_dummy
D:10:     layout_stronghold, fedhas_altar_2, mainiacjoe_overflow_catwalk,
          lemuel_round_altar, gammafunk_temple_overflow_wave, marbit_many_paths,
          erik_orc_2, kennysheep_cluttered_room, uniq_gastronok
Temple:   cyrus_temple_forest
Lair:1:   layout_regular_city
Lair:2:   layout_regular_city, nicolae_swamp_entry_splash_gauntlet,
          lemuel_fruit_tree, grunt_megastairs_1
Lair:3:   layout_roguey, minmay_snake_entry_guardpost_small
Lair:4:   layout_roguey, nicolae_slime_entry_slimehenge, wad_woods_06
Lair:5:   grunt_lair_end_beastmaster, layout_hall_layers, nzn_ghost_randoct,
          bobbens_dragon_lair_wall
Orc:1:    layout_caves, uniq_jorgrun

Skill      XL: |  1  2  3  4  5  6  7  8  9 10 11 12 13 |
---------------+----------------------------------------+-----
Earth Magic    | 4 5 6 7 8 10 12 14 16 18 19 | 19.1
Spellcasting   | 4 5 6 7 9 10 12 14 16 17 | 17.1
Fighting       | 1 |  1.3
Armour         | 2 3 |  3.2
Dodging        | 3 |  3.7
Translocations | 1 |  1.0
Conjurations   | 1 2 |  2.5
Staves         | |  0.1
Stealth        | |  2.4
Transmutations | |  1.5
Evocations     | |  0.3

Action                     |  1- 3 |  4- 6 |  7- 9 | 10-12 | 13-15 || total
---------------------------+-------+-------+-------+-------+-------++-------
  Melee: Unarmed           |       |       |     5 |     3 |       ||     8
         Staff             |       |       |       |    10 |     1 ||    11
   Cast: Sandblast         |    41 |    44 |   104 |    44 |     1 ||   234
         Stone Arrow       |       |     2 |     2 |    50 |    18 ||    72
         Lee's Rapid Decon |       |       |    28 |   172 |    42 ||   242
         Petrify           |       |       |     6 |     3 |       ||     9
         Blink             |       |       |     3 |     1 |     1 ||     5
         Passwall          |       |       |       |     2 |     1 ||     3
  Evoke: Wand              |       |       |     1 |     5 |       ||     6
    Use: Scroll            |     2 |     5 |     7 |    10 |     1 ||    25
         Potion            |       |       |     3 |     2 |       ||     5
   Stab: Invisible         |       |       |       |     1 |       ||     1
 Armour: Robe              |     1 |       |       |       |       ||     1
         Skin              |       |       |     1 |       |       ||     1
         Leather armour    |       |       |    15 |    18 |     9 ||    42
  Dodge: Dodged            |     2 |    12 |    35 |    66 |    55 ||   170

Table legend: (Time is in decaauts)
 A = Elapsed time spent in this place.
 B = Non-inter-level travel time spent in this place.
 C = Inter-level travel time spent in this place.
 D = Time resting spent in this place.
 E = Time spent auto-exploring this place.
 F = Levels seen in this place.
 G = Mean time per level.
                   A        B        C        D        E       F      G
               +--------+--------+--------+--------+--------+-----+--------+
         Total |  20258 |  19262 |    996 |   7085 |   9831 |  17 | 1191.6 |
       Dungeon |  12116 |  11403 |    713 |   3190 |   6842 |  10 | 1211.6 |
        Temple |     82 |     82 |      0 |      0 |     33 |   1 |   82.0 |
          Lair |   8051 |   7769 |    282 |   3895 |   2955 |   5 | 1610.2 |
  Orcish Mines |      7 |      7 |      0 |      0 |      0 |   1 |    7.0 |
               +--------+--------+--------+--------+--------+-----+--------+

Top non-repeatable levels by time:
  Lair:4: 2851 daAuts
    D:10: 2480 daAuts
  Lair:2: 2078 daAuts
     D:6: 1759 daAuts
  Lair:3: 1600 daAuts
     D:9: 1570 daAuts
  Lair:1: 1497 daAuts
     D:7: 1142 daAuts
     D:8: 1091 daAuts
     D:5: 1052 daAuts
     D:3: 920 daAuts
     D:4: 739 daAuts
     D:2: 686 daAuts
     D:1: 673 daAuts
  Temple: 82 daAuts
